 Dungeon Crawl Stone Soup version 0.27-a0-1325-g58a489ad9e (webtiles) character file.

Game seed: 4749243504123592537

105 lunkers the Skirmisher (level 4, -2/50 HPs)
             Began as an Ogre Berserker on June 24, 2021.
             Was a Follower of Trog.
             Slain by an adder (4 damage)
             ... on level 6 of the Dungeon.
             The game lasted 00:03:14 (2002 turns).

lunkers the Skirmisher (Ogre Berserker)             Turns: 2002, Time: 00:03:14

Health: -2/50      AC:  4    Str: 22    XL:     4   Next: 83%
Magic:  4/4        EV: 10    Int:  8    God:    Trog [*.....]
Gold:   90         SH:  0    Dex:  8    Spells: 3/3 levels left

rFire    . . .     SeeInvis .   m - +0 flail
rCold    . . .     Faith    .   (no shield)
rNeg     . . .     Spirit   .   b - +0 animal skin
rPois    .         Reflect  .   (helmet restricted)
rElec    .         Harm     .   l - +0 cloak
rCorr    .         Rampage  .   (gloves unavailable)
Will     .....                  (boots unavailable)
Stlth    +.........             (no amulet)
HPRegen  0.16/turn              (no ring)
MPRegen  0.09/turn              (no ring)

@: on berserk cooldown, slowed, very slow
A: large, unfitting armour, tough skin 1
a: Renounce Religion, Berserk


You were on level 6 of the Dungeon.
You worshipped Trog.
Trog was aware of your devotion.
You visited 1 branch of the dungeon, and saw 4 of its levels.

You collected 90 gold pieces.

Inventory:

Hand Weapons
 a - a +0 mace
 m - a +0 flail (weapon)
Missiles
 f - 12 stones
Armour
 b - a +0 animal skin (worn)
 l - a +0 cloak (worn)
Scrolls
 c - 2 scrolls of immolation {unknown}
 e - a scroll of noise {unknown}
 h - a scroll of fear {unknown}
 k - a scroll of identify {unknown}
Potions
 d - 2 potions of curing {unknown}
 g - 2 potions of attraction {unknown}
 i - 2 potions of lignification {unknown}
 j - a potion of haste {unknown}
 n - a potion of magic {unknown}


   Skills:
 + Level 5.2 Fighting
 * Level 4.3 Maces & Flails
 - Level 2.6 Dodging


You had 3 spell levels left.
You didn't know any spells.
Your spell library was empty.

Dungeon Overview and Level Annotations

Branches:
Dungeon (3/15)

Altars:


Innate Abilities, Weirdness & Mutations

You are too large for most types of armour.
You have tough skin. (AC +1)


Message History

Your Fighting skill increases to level 5!
You hit the yak.
The yak is lightly wounded.
The adder barely misses you. The yak gores you but does no damage.
The adder bites you.
* * * LOW HITPOINT WARNING * * *
You are too berserk!
Unknown command.
You barely miss the yak.
The yak is lightly wounded.
The yak gores you!
* * * LOW HITPOINT WARNING * * *
You closely miss the adder. The adder bites you.
* * * LOW HITPOINT WARNING * * *
The adder barely misses you.
You closely miss the adder. The yak gores you!
* * * LOW HITPOINT WARNING * * *
The adder bites you.
* * * LOW HITPOINT WARNING * * *
You closely miss the adder. The yak gores you!
* * * LOW HITPOINT WARNING * * *
The adder bites you but does no damage.
You hit the adder.
The adder is heavily wounded.
The yak gores you.
* * * LOW HITPOINT WARNING * * *
The adder barely misses you.
You closely miss the adder.
The adder is heavily wounded.
The adder bites you.
* * * LOW HITPOINT WARNING * * *
The yak misses you.
You feel a strong urge to attack something.
You are no longer berserk.
You are exhausted.
You feel yourself slow down. The adder barely misses you.
There is an escape hatch in the floor here.
The adder bites you but does no damage. The adder bites you.
You die...

.T .. .? ..
########### ..
#...WY....# ..
#.⌠W†#....# ..
#..TT#.Tn.# ..
#....#..S@#
########'#########
.P#.........#
..#...!.....#
..#.........#
P.'.......?.#
#############


You could see a yak, a troll, a wraith, a necrophage and an adder.

Vanquished Creatures
  A howler monkey (D:6)
  Crazy Yiuf (D:2)
  A dart slug (D:2)
  4 orcs (D:3)
  5 endoplasms
  A giant cockroach (D:1)
  4 goblins
  2 hobgoblins
  3 kobolds (D:2)
  A quokka (D:1)
  2 ball pythons
  3 bats
  A frilled lizard (D:2)
  A quokka skeleton (D:2)
  2 rats (D:1)
32 creatures vanquished.

Vanquished Creatures (others)
  A fungus (D:2)
1 creature vanquished.

Grand Total: 33 creatures vanquished

Notes
Turn   | Place    | Note
-------+----------+-------------------------------------------
     0 | D:1      | lunkers the Ogre Berserker began the quest for the Orb.
     0 | D:1      | Reached XP level 1. HP: 24/24 MP: 1/1
   431 | D:1      | Reached XP level 2. HP: 26/32 MP: 2/2
  1246 | D:2      | Reached XP level 3. HP: 39/40 MP: 3/3
  1336 | D:2      | Found a runed translucent door.
  1337 | D:2      | Noticed Crazy Yiuf
  1630 | D:2      | Killed Crazy Yiuf
  1712 | D:3      | Reached XP level 4. HP: 49/49 MP: 4/4
  1960 | D:3      | You fall into a shaft and drop 3 floors!
  1960 | D:6      | Noticed an orc warrior
  1961 | D:6      | Noticed a troll
  1961 | D:6      | Noticed a necrophage
  1961 | D:6      | Noticed a wraith
  1961 | D:6      | Noticed a troll
  1972 | D:6      | Noticed a yak
  1991 | D:6      | Reached skill level 5 in Fighting
  1996 | D:6      | HP: 3/75 [yak (3)]
  2002 | D:6      | Slain by an adder

Illustrated notes

Levels and vault maps discovered:
D:1:      matt_arrival_refuge, layout_basic
D:2:      layout_rooms, uniq_crazy_yiuf_cottage
D:3:      layout_loops_corners, amcnicky_altar_gilded, serial_bayou_crossing
D:6:      minmay_klotski, layout_loops_ring, minmay_statues_item

Skill      XL: |  1  2  3  4 |
---------------+-------------+-----
Maces & Flails | 3 4 |  4.3
Fighting       | 5 |  5.2
Dodging        | |  2.6

Action                   |  1- 3 |  4- 6 || total
-------------------------+-------+-------++-------
Melee: Mace              |    84 |     7 ||    91
       Flail             |       |    22 ||    22
Invok: Berserk           |     5 |     1 ||     6
Armor: Animal skin       |    44 |    14 ||    58
Dodge: Dodged            |    61 |    18 ||    79

Table legend: (Time is in decaauts)
 A = Elapsed time spent in this place.
 B = Non-inter-level travel time spent in this place.
 C = Inter-level travel time spent in this place.
 D = Time resting spent in this place.
 E = Time spent auto-exploring this place.
 F = Levels seen in this place.
 G = Mean time per level.
                   A        B        C        D        E       F      G
               +--------+--------+--------+--------+--------+-----+--------+
         Total |   2079 |   2011 |     68 |     31 |   1694 |   4 |  519.8 |
       Dungeon |   2079 |   2011 |     68 |     31 |   1694 |   4 |  519.8 |
               +--------+--------+--------+--------+--------+-----+--------+

Top non-repeatable levels by time:
     D:1: 1007 daAuts
     D:2: 763 daAuts
     D:3: 268 daAuts
     D:6: 40 daAuts
